 Dungeon Crawl Stone Soup version 0.32-a0-350-g4f4d228785 (webtiles) character file.

Game seed: 6889180788375311782

54 PriceMaster the Sneak (level 3, -7/21 HPs)
             Began as an Octopode Fire Elementalist on Feb 18, 2024.
             Mangled by Terence
             ... wielding a +0 flail of venom
              (10 damage)
             ... on level 2 of the Dungeon.
             The game lasted 00:02:06 (1229 turns).

PriceMaster the Sneak (Octopode Fire Elementalist)  Turns: 1229, Time: 00:02:08

Health: -7/21      AC:  1    Str:  7    XL:     3   Next: 91%
Magic:  1/6        EV: 13    Int: 25    God:
Gold:   138        SH:  0    Dex: 12    Spells: 0/6 levels left

rFire   . . .        c - staff of alchemy
rCold   . . .        (no shield)
rNeg    . . .        (helmet restricted)
rPois   +            (no amulet)
rElec   .            f - +6 ring of intelligence
rCorr   .            (no ring)
SInv    .            (no ring)
Will    .....        (no ring)
Stlth   +++          (no ring)
HPRegen 0.23/turn    (no ring)
MPRegen 0.10/turn    (no ring)
                     (no ring)

%: no passive effects
@: lethally poisoned (-7 -> -23)
A: almost no armour, amphibious, 8 rings, camouflage 1, gelatinous body 1,
(nimble swimmer 1), tentacles
a: no special abilities


You were on level 2 of the Dungeon.
You visited 1 branch of the dungeon, and saw 2 of its levels.

You collected 138 gold pieces.

Inventory:

Magical Staves
 c - a staff of alchemy (weapon)
Jewellery
 f - a +6 ring of intelligence (left tentacle)
 g - a ring of protection from cold
Scrolls
 b - a scroll of blinking {unknown}
 d - a scroll of immolation {unknown}
Potions
 a - a potion of magic
 e - a potion of degeneration {unknown}


   Skills:
 + Level 0.8 Staves
 + Level 2.4 Dodging
 + Level 3.5 Stealth
 + Level 2.4 Spellcasting
 + Level 1.1 Conjurations
 + Level 3.4 Fire Magic


You couldn't memorise any spells.
You knew the following spells:

 Your Spells              Type           Power      Damage    Failure   Level
a - Foxfire               Conj/Fire      56%        2x1d6     4%          1
b - Scorch                Fire           40%        2d6       3%          2
c - Inner Flame           Hex/Fire       11%        N/A       16%         3

Your spell library contained the following spells:

 Spells                   Type           Power      Damage    Failure   Level
 Volatile Blastmotes      Fire/Tloc      22%        2d11      16%         3
 Flame Wave               Conj/Fire      14%        2d6       38%         4


Dungeon Overview and Level Annotations

Branches:
Dungeon (2/15)

Altars:

Annotations:
D:2 Terence


Innate Abilities, Weirdness & Mutations

You cannot wear most types of armour.
You are amphibious.
You can wear up to eight rings at the same time.
Your skin changes colour to match your surroundings (Stealth+).
Your rubbery body absorbs attacks. (AC +1, EV +1)
((You are camouflaged when in or above water. (Stealth+)))
You have tentacles for arms and can constrict up to eight enemies at once.


Message History

Terence is heavily wounded.
Terence's fire resistance burns away.
The foxfire hits Terence.
Terence is heavily wounded.
The foxfire hits Terence but does no damage.
Terence is heavily wounded.
The foxfire hits Terence.
Terence is heavily wounded.
Casting: Scorch (safe; 3% risk of failure)
Confirm with . or Enter, or press ? or * to list all spells.
Flames lash Terence but do no damage.
Unknown command.
You are out of magic!
Casting: Scorch (safe; 3% risk of failure)
Confirm with . or Enter, or press ? or * to list all spells.
You don't know that spell.
You hit Terence but do no damage. Your grab misses Terence.
Terence is heavily wounded.
Terence closely misses you.
You hit Terence but do no damage. You grab Terence.
Terence is heavily wounded.
You constrict Terence, but do no damage.
Terence misses you.
You barely miss Terence. You squeeze Terence, but do no damage.
Terence is heavily wounded.
You constrict Terence, but do no damage.
Terence is no longer more vulnerable to fire.
Terence barely misses you. x2
You hit Terence.
Terence is severely wounded.
You constrict Terence, but do no damage.
Terence hits you with a +0 flail of venom!
Ouch! That really hurt!
You are lethally poisoned!
You hit Terence but do no damage. You squeeze Terence!
Terence is almost dead.
You constrict Terence, but do no damage.
* * * LOW HITPOINT WARNING * * *
You feel very sick.
Terence hits you with a +0 flail of venom!
You die...
Terence says, "Time to find some more victims."

#§vv....# #..
########.#### #..
#...........# #.$.
#.###.#..##.# #...
#.##..†..# # #...
#.##..#.##
###...##.##..#.###.#
#.....@..(..<......#
#......@....########
#.......#####
#.#....## .......
#.####. # #. .. ##


You could see Terence.

Vanquished Creatures
  2 dart slugs (D:1)
  6 ball pythons (D:1)
  4 endoplasms
  5 goblins
  2 hobgoblins (D:1)
  2 kobolds
  2 quokkas (D:1)
  2 bats (D:1)
  3 rats
28 creatures vanquished.

Vanquished Creatures (collateral kills)
  2 foxfires (D:1)
2 creatures vanquished.

Vanquished Creatures (others)
  62 foxfires
62 creatures vanquished.

Grand Total: 92 creatures vanquished

Notes
Turn   | Place    | Note
-------+----------+-------------------------------------------
     0 | D:1      | PriceMaster the Octopode Fire Elementalist began the quest
                  | for the Orb.
     0 | D:1      | Reached XP level 1. HP: 11/11 MP: 3/3
   138 | D:1      | Reached XP level 2. HP: 15/17 MP: 0/5
   240 | D:1      | Found a faded altar of an unknown god.
   317 | D:1      | Reached XP level 3. HP: 17/21 MP: 6/6
   504 | D:1      | Learned a level 2 spell: Scorch
   508 | D:1      | Learned a level 3 spell: Inner Flame
  1220 | D:2      | Noticed Terence
  1229 | D:2      | Mangled by Terence

Illustrated notes

Levels and vault maps discovered:
D:1:      zaba_arrival_water, layout_basic, basic_ecumenical_altar,
          minmay_gold_behind_fungi
D:2:      layout_loops_cross, serial_shops, nicolae_shop_rolling_square,
          uniq_terence

Skill      XL: |  1 |
---------------+----+-----
Stealth        | 3 |  3.5
Staves         | |  0.8
Dodging        | |  2.4
Spellcasting   | |  2.4
Conjurations   | |  1.1
Fire Magic     | |  3.4

Action                     || total
---------------------------++-------
  Melee: Unarmed           ||     8
         Tentacles         ||     9
         Staff             ||    26
         Constrict         ||     7
   Cast: Foxfire           ||    36
         Scorch            ||     6
         Inner Flame       ||     1
    Use: Scroll            ||     2
   Stab: Sleeping          ||     4
 Armour: Skin              ||    13
  Dodge: Dodged            ||    30

Table legend: (Time is in decaauts)
 A = Elapsed time spent in this place.
 B = Non-inter-level travel time spent in this place.
 C = Inter-level travel time spent in this place.
 D = Time resting spent in this place.
 E = Time spent auto-exploring this place.
 F = Levels seen in this place.
 G = Mean time per level.
                   A        B        C        D        E       F      G
               +--------+--------+--------+--------+--------+-----+--------+
         Total |   1232 |   1221 |     11 |    165 |    841 |   2 |  616.0 |
       Dungeon |   1232 |   1221 |     11 |    165 |    841 |   2 |  616.0 |
               +--------+--------+--------+--------+--------+-----+--------+

Top non-repeatable levels by time:
     D:1: 984 daAuts
     D:2: 247 daAuts
